 Dungeon Sprint DCSS version 0.28-a0-1356-g2ad6d04315 (webtiles) character file.

Game seed: 10840469541156925974

21441 mhtbhm the Shatterer (level 12, -3/144 HPs)
             Began as a Troll Berserker on Dec 30, 2021.
             Was the Champion of Trog.
             Slain by a frost giant (6 damage)
             ... in the Dungeon (Sprint IX: "|||||||||||||||||||||||||||||").
             The game lasted 00:07:16 (2407 turns).

mhtbhm the Shatterer (Troll Berserker)              Turns: 2407, Time: 00:07:16

Health: -3/144     AC: 12    Str: 39    XL:     12   Next: 54%
Magic:  11/11      EV: 13    Int:  3    God:    Trog [******]
Gold:   932        SH:  0    Dex:  9    Spells: 11/11 levels left

rFire   . . .      SeeInvis .   a - +3 giant club "Skullcrusher" {speed, Str+7}
rCold   . . .      Faith    .   (shield currently unavailable)
rNeg    . . .      Spirit   .   b - +0 acid dragon scales
rPois   +          Reflect  .   (helmet restricted)
rElec   .          Harm     .   k - +1 cloak
rCorr   +          Rampage  .   (gloves unavailable)
Will    ++...      NoTele   +   (boots unavailable)
Stlth   +.........              (no amulet)
HPRegen 2.14/turn               u - ring of poison resistance
MPRegen 0.12/turn               m - +2 ring of protection

@: strong-willed, on berserk cooldown, regenerating, slowed, studying Maces &
Flails, very slow
A: large, unfitting armour, claws 3, regeneration 1, shaggy fur 1, tough skin 1
a: Renounce Religion, Berserk, Trog's Hand, Brothers in Arms


You were in the Dungeon.
You worshipped Trog.
Trog was exalted by your worship.
You visited 1 branch You collected 1928 gold pieces.
You spent 996 gold pieces at shops.

Inventory:

Hand Weapons
 a - the +3 giant club "Skullcrusher" (weapon) {speed, Str+7}
   (You found it in the Dungeon)

   Attacks with this weapon are significantly faster.
   Str:       It affects your strength (+7).
 r - a +5 antimagic giant spiked club
Missiles
 h - 3 large rocks (quivered)
Armour
 b - +0 acid dragon scales (worn)
 k - a +1 cloak (worn)
Jewellery
 m - a +2 ring of protection (right claw)
 s - a ring of see invisible
 u - a ring of poison resistance (left claw)
 v - a ring of ice
 w - a ring of fire
Wands
 j - a wand of iceblast (2)
Scrolls
 e - 6 scrolls of enchant armour
 l - a scroll of fear
 p - 2 scrolls of identify
 q - 4 scrolls of enchant weapon
Potions
 c - 4 potions of curing
 f - 4 potions of magic
 g - 2 potions of berserk rage
 i - a potion of invisibility
 n - 2 potions of resistance
 o - 3 potions of might
 t - a potion of cancellation


   Skills:
 + Level 15.7 Fighting
 + Level 21.0 Maces & Flails
 + Level 2.1 Armour
 + Level 13.0 Dodging
 - Level 2.4 Stealth
 + Level 3.0 Evocations


You had 11 spell levels left.
You didn't know any spells.
Your spell library was empty.

Dungeon Overview and Level Annotations

Branches:
Dungeon (1/1)

Altars:
Cheibriados
Dithmenos
Elyvilon
Fedhas
Gozag
Hepliaklqana
Kikubaaqudgha
Makhleb
Nemelex Xobeh
Okawaru
Qazlal
Ru
Sif Muna
Trog
Uskayaw
Vehumet
Wu Jian
Xom
Yredelemnul
Zin
The Shining One
Beogh
Jiyva
Lugonu

Shops:
D (:*[


Innate Abilities, Weirdness & Mutations

You are too large for most types of armour.
You have claws for hands.
Your natural rate of healing is unusually fast.
You are covered in fur. (AC +1)
You have tough skin. (AC +1)


Message History

The hell knight burns you!
Unknown command.
Okay, then.
You feel much better. The hell knight barely misses you.
The frost giant hits you with a +0 battleaxe of freezing!!
The frost giant freezes you.
The hell knight hits you with a +1 demon trident of flaming.
The hell knight burns you.
The frost giant hits you with a +0 battleaxe of freezing.
The frost giant freezes you.
Your skin crawls.
You feel strong-willed.
Your deep troll bites something!!!
Your deep troll barely misses something.
Your deep troll claws something!!
Trog accepts your kill.
Trog appreciates your killing of a magic user.
Reactivating autopickup.
You feel a bit more experienced.
The hell knight hits you with a +1 demon trident of flaming!
* * * LOW HITPOINT WARNING * * *
The hell knight burns you.
* * * LOW HITPOINT WARNING * * *
The spriggan berserker invokes Trog's protection!
The frost giant hits you but does no damage.
The hell knight hits you with a +1 demon trident of flaming!
* * * LOW HITPOINT WARNING * * *
The hell knight burns you.
* * * LOW HITPOINT WARNING * * *
Your Maces & Flails skill increases to level 21!
Your Armour skill increases to level 2!
You feel much better.
The hell knight hits you with a +1 demon trident of flaming!
* * * LOW HITPOINT WARNING * * *
The hell knight burns you.
* * * LOW HITPOINT WARNING * * *
The frost giant hits you with a +0 battleaxe of freezing!!
* * * LOW HITPOINT WARNING * * *
The frost giant freezes you.
You die...

.†'†........†.).†...†...:'..[[[[.
▓▓▓▓▓▓▓▓▓▓▓▓▓▓▓▓▓▓▓▓▓▓▓▓▓▓▓▓▓▓▓▓▓
.................................
▓▓▓▓▓▓▓▓▓▓▓▓▓▓▓▓▓▓▓▓▓▓▓▓▓▓▓▓▓▓▓▓▓
)))........')))))∩.∩.∩.∩.))..'...
▓▓▓▓▓▓▓▓▓▓▓▓▓▓▓▓▓▓▓▓▓▓▓▓▓▓▓▓▓▓▓▓▓
.................................
▓▓▓▓▓▓▓▓▓▓▓▓▓▓▓▓▓▓▓▓▓▓▓▓▓▓▓▓▓▓▓▓▓
[[...!.....).)Tp@CCQiu..
▓▓▓▓▓▓▓▓▓▓▓▓▓▓▓▓▓▓▓▓▓▓▓▓


You could see a frost giant, a green ugly thing, a hell knight (fast, ally
target), a tengu warrior, a spriggan berserker (regenerating, strong-willed), a
cyclops and a friendly deep troll (summoned, berserk).

Vanquished Creatures
  A hydra (D)
  Erolcha (D)
  A catoblepas (D)
  Erica (D)
  6 centaur warriors (D)
  A tengu warrior (D)
  12 orc high priests (D)
  An orc knight (D)
  An ugly thing (D)
  A black mamba (D)
  4 cane toads (D)
  2 rime drakes (D)
  A komodo dragon (D)
  A troll (D)
  4 polar bears (D)
  2 blink frogs (D)
  A slime creature (D)
  2 yaks (D)
  2 shadows (D)
  A basilisk (D)
  4 water moccasins (D)
  7 orc warriors (D)
  5 black bears (D)
  An ogre (D)
  A bullfrog (D)
  A scorpion (D)
  4 orc priests (D)
  A gnoll shaman (D)
  5 orc wizards (D)
  An adder (D)
  9 orcs (D)
  A bat skeleton (D)
  A quokka (D)
  A bat (D)
  A kobold (D)
  2 rats (D)
91 creatures vanquished.

Vanquished Creatures (collateral kills)
  A wizard (D)
  A cyclops (D)
  An orc priest (D)
3 creatures vanquished.

Grand Total: 94 creatures vanquished

Notes
Turn   | Place    | Note
-------+----------+-------------------------------------------
     0 | D        | mhtbhm the Troll Berserker began the quest for the Orb.
     0 | D        | Reached XP level 1. HP: 22/22 MP: 0/0
    12 | D        | Reached ** piety under Trog
    13 | D        | Reached skill level 3 in Maces & Flails
    54 | D        | Noticed a scorpion
    54 | D        | Noticed an ogre
    58 | D        | Killed a scorpion
    59 | D        | Reached skill level 5 in Maces & Flails
    59 | D        | Reached XP level 2. HP: 21/32 MP: 1/1
    59 | D        | Reached XP level 3. HP: 26/39 MP: 2/2
    60 | D        | Reached *** piety under Trog
    61 | D        | Reached XP level 4. HP: 33/48 MP: 3/3
    67 | D        | Killed an ogre
    68 | D        | Reached skill level 5 in Fighting
    68 | D        | Reached skill level 6 in Maces & Flails
    68 | D        | Reached skill level 5 in Dodging
    68 | D        | Reached XP level 5. HP: 39/57 MP: 4/4
    99 | D        | Found a snail-covered altar of Cheibriados.
    99 | D        | Found a shadowy altar of Dithmenos.
    99 | D        | Found a white marble altar of Elyvilon.
    99 | D        | Found a blossoming altar of Fedhas.
    99 | D        | Found an opulent altar of Gozag.
   100 | D        | Found a hazy altar of Hepliaklqana.
   101 | D        | Found a viscous altar of Jiyva.
   102 | D        | Found an ancient bone altar of Kikubaaqudgha.
   103 | D        | Found a corrupted altar of Lugonu.
   104 | D        | Found a burning altar of Makhleb.
   105 | D        | Found a sparkling altar of Nemelex Xobeh.
   106 | D        | Found an iron altar of Okawaru.
   107 | D        | Found a stormy altar of Qazlal.
   108 | D        | Found a sacrificial altar of Ru.
   109 | D        | Found a shimmering blue altar of Sif Muna.
   110 | D        | Found a bloodstained altar of Trog.
   111 | D        | Found a hide-covered altar of Uskayaw.
   112 | D        | Found a radiant altar of Vehumet.
   113 | D        | Found an ornate altar of the Wu Jian Council.
   114 | D        | Found a shimmering altar of Xom.
   115 | D        | Found a basalt altar of Yredelemnul.
   116 | D        | Found a glowing silver altar of Zin.
   117 | D        | Found a glowing golden altar of the Shining One.
   154 | D        | Noticed a yak
   154 | D        | Noticed a troll
   154 | D        | Noticed a yak
   154 | D        | Noticed a shadow
   154 | D        | Noticed a shadow
   160 | D        | Killed a yak
   160 | D        | Reached **** piety under Trog
   161 | D        | Reached skill level 8 in Maces & Flails
   161 | D        | Reached XP level 6. HP: 68/68 MP: 5/5
   164 | D        | Killed a troll
   165 | D        | Reached skill level 9 in Maces & Flails
   165 | D        | Reached XP level 7. HP: 78/78 MP: 6/6
   167 | D        | Killed a yak
   168 | D        | Reached skill level 10 in Maces & Flails
   170 | D        | Killed a shadow
   178 | D        | Killed a shadow
   178 | D        | Reached ***** piety under Trog
   179 | D        | Reached skill level 11 in Maces & Flails
   215 | D        | Noticed a centaur warrior
   215 | D        | Noticed a centaur warrior
   215 | D        | Noticed a seven-headed hydra
   215 | D        | Noticed a centaur warrior
   215 | D        | Noticed a cyclops
   215 | D        | Noticed a green ugly thing
   223 | D        | Killed a centaur warrior
   224 | D        | Reached skill level 12 in Maces & Flails
   224 | D        | Reached XP level 8. HP: 79/89 MP: 7/7
   229 | D        | Killed a centaur warrior
   230 | D        | Reached skill level 13 in Maces & Flails
   230 | D        | Reached XP level 9. HP: 56/98 MP: 8/8
   383 | D        | Killed a seven-headed hydra
   384 | D        | Reached skill level 14 in Maces & Flails
   384 | D        | Reached skill level 10 in Dodging
   394 | D        | Killed a centaur warrior
   395 | D        | Reached skill level 10 in Fighting
   395 | D        | HP: 6/151 [cyclops/large rock (10)]
   401 | D        | Killed a cyclops
   418 | D        | Killed a green ugly thing
   419 | D        | Reached skill level 15 in Maces & Flails
   419 | D        | Reached XP level 10. HP: 68/111 MP: 9/9
   715 | D        | Noticed a cane toad
   715 | D        | Noticed a cane toad
   722 | D        | Noticed a catoblepas
   723 | D        | Noticed a cane toad
   893 | D        | Killed a catoblepas
   894 | D        | Reached skill level 1 in Evocations
   901 | D        | Killed a cane toad
   902 | D        | Reached skill level 1 in Stealth
   936 | D        | Killed a cane toad
   936 | D        | Received a gift from Trog
   937 | D        | Reached skill level 16 in Maces & Flails
   940 | D        | Killed a cane toad
  1004 | D        | Noticed a black mamba
  1004 | D        | Noticed a cane toad
  1030 | D        | Killed a black mamba
  1030 | D        | Received a gift from Trog
  1032 | D        | Killed a cane toad
  1122 | D        | Reached XP level 11. HP: 123/123 MP: 10/10
  1129 | D        | Reached skill level 17 in Maces & Flails
  1194 | D        | Received a gift from Trog
  1194 | D        | Reached ****** piety under Trog
  1279 | D        | Noticed Erica
  1290 | D        | Killed Erica
  1367 | D        | Noticed Erolcha
  1373 | D        | Killed Erolcha
  1373 | D        | Received a gift from Trog
  1422 | D        | Received a gift from Trog
  1427 | D        | Noticed an orc high priest
  1440 | D        | Killed an orc high priest
  1572 | D        | Noticed an orc high priest
  1574 | D        | Noticed an orc knight
  1576 | D        | Identified the +6 quick blade "Nainyisch" {vorpal, Dex+6}
                  | (Trog gifted it to you in the Dungeon)
  1576 | D        | Received a gift from Trog
  1584 | D        | Killed an orc high priest
  1585 | D        | Reached skill level 18 in Maces & Flails
  1716 | D        | Killed an orc knight
  1823 | D        | Received a gift from Trog
  1896 | D        | Found Ykhat's Weapon Emporium.
  1896 | D        | Noticed an orc high priest
  1896 | D        | Noticed an orc high priest
  1898 | D        | Noticed an orc high priest
  1900 | D        | Killed an orc high priest
  1901 | D        | Found Korup's Book Shoppe.
  1905 | D        | Killed an orc high priest
  1906 | D        | Noticed an orc high priest
  1908 | D        | Found Jearoek's Assorted Antiques.
  1908 | D        | Noticed an orc high priest
  1909 | D        | Noticed an orc high priest
  1916 | D        | Killed an orc high priest
  1916 | D        | Received a gift from Trog
  1917 | D        | Noticed an orc high priest
  1970 | D        | Killed an orc high priest
  1974 | D        | Killed an orc high priest
  1975 | D        | Reached skill level 19 in Maces & Flails
  1975 | D        | Reached XP level 12. HP: 99/140 MP: 11/11
  1977 | D        | Killed an orc high priest
  2001 | D        | Killed an orc high priest
  2034 | D        | Noticed an orc high priest
  2040 | D        | Killed an orc high priest
  2041 | D        | Reached skill level 15 in Fighting
  2041 | D        | Found Noorgh's Antique Armour Shoppe.
  2057 | D        | Noticed an orc high priest
  2058 | D        | Noticed an orc high priest
  2070 | D        | Killed an orc high priest
  2074 | D        | Killed an orc high priest
  2074 | D        | Received a gift from Trog
  2103 | D        | Bought a manual of Maces & Flails for 800 gold pieces
  2109 | D        | Bought 2 scrolls labelled ROLAISSE AMU for 56 gold pieces
  2109 | D        | Bought a potion of heal wounds for 140 gold pieces
  2290 | D        | Found the +3 giant club "Skullcrusher" {speed, Str+7}
  2375 | D        | Noticed a centaur warrior
  2375 | D        | Noticed a tengu warrior
  2375 | D        | Noticed a centaur warrior
  2375 | D        | Noticed a centaur warrior
  2377 | D        | Killed a centaur warrior
  2378 | D        | Reached skill level 20 in Maces & Flails
  2384 | D        | Killed a tengu warrior
  2385 | D        | Noticed a frost giant
  2388 | D        | Killed a centaur warrior
  2389 | D        | Reached skill level 1 in Armour
  2389 | D        | Noticed a tengu warrior
  2401 | D        | Killed a centaur warrior
  2407 | D        | Reached skill level 21 in Maces & Flails
  2407 | D        | HP: 3/144 [frost giant (20)]
  2407 | D        | Slain by a frost giant

Illustrated notes

Levels and vault maps discovered:
D:        linesprint [early_d, line_temple, items_1, d_10, items_2, lair_1,
          lair_end, items_3, orc_1, orc_end, items_4, d_15, swamp_1, shoals_1,
          snake_1, spider_1, d_20, vaults_1, items_5, swamp_end, shoals_end,
          snake_end, spider_end, vaults_end, d_27, items_6, zot_1, zot_end,
          crypt_end, forest_end, elf_end, slime_end, tomb_end, abyss_end,
          pan_hell_end]

Skill      XL: |  1  2  3  4  5  6  7  8  9 10 11 12 |
---------------+-------------------------------------+-----
Maces & Flails | 5 6 8 9 12 13 15 16 19 21 | 21.0
Fighting       | 4 5 6 7 8 9 10 11 14 15 | 15.7
Dodging        | 4 5 6 7 9 10 11 12 13 | 13.0
Evocations     | 2 3 |  3.0
Stealth        | 2 |  2.4
Armour         | 2 |  2.1

Action                   |  1- 3 |  4- 6 |  7- 9 | 10-12 || total
-------------------------+-------+-------+-------+-------++-------
Melee: Mace              |    22 |     7 |       |       ||    29
       Morningstar       |       |     9 |    42 |    37 ||    88
       Dire flail        |       |       |       |    92 ||    92
       Great mace        |       |       |       |    70 ||    70
       Giant club        |       |       |       |    23 ||    23
Invok: Berserk           |     2 |     1 |     2 |    12 ||    17
       Brothers in Arms  |       |       |     1 |     4 ||     5
       Trog's Hand       |       |       |     1 |     1 ||     2
Evoke: Wand              |       |       |     6 |     2 ||     8
  Use: Potion            |       |       |     4 |     5 ||     9
       Scroll            |       |       |     2 |     2 ||     4
 Stab: Petrifying        |       |       |       |     1 ||     1
Armor: Animal skin       |     7 |     3 |    17 |    24 ||    51
       Acid dragon scale |       |       |       |    11 ||    11
Dodge: Dodged            |    10 |     5 |    26 |   100 ||   141

Table legend: (Time is in decaauts)
 A = Elapsed time spent in this place.
 B = Non-inter-level travel time spent in this place.
 C = Inter-level travel time spent in this place.
 D = Time resting spent in this place.
 E = Time spent auto-exploring this place.
 F = Levels seen in this place.
 G = Mean time per level.
                   A        B        C        D        E       F      G
               +--------+--------+--------+--------+--------+-----+--------+
         Total |   2437 |   2410 |     27 |    799 |    439 |   1 | 2437.0 |
       Dungeon |   2437 |   2410 |     27 |    799 |    439 |   1 | 2437.0 |
               +--------+--------+--------+--------+--------+-----+--------+

Top non-repeatable levels by time:
       D: 2437 daAuts
